[Event "*** SCC Grand Prix: Titled Tuesday Blitz"]
[Site "Chess.com"]
[Date "2020.07.14"]
[Round "4"]
[White "blitzking1729"]
[Black "UKR_Master"]
[Result "1-0"]
[WhiteElo "2571"]
[BlackElo "2326"]
[TimeControl "180+1"]
[EndTime "10:40:11 PDT"]
[Termination "blitzking1729 won by resignation"]

1. c4 c5 2. Nc3 Nf6 3. g3 e6 4.
Bg2 Be7 5. Nf3 O-O 6. O-O d5 7. cxd5 exd5 8. d4 cxd4 9. Nxd4 Nc6 10. Bg5 Be6 11. Rc1 Rc8 12. Qd2 h6 13. Bf4 Qb6 14. Nxc6 bxc6 15. Rfd1 Bf5 16. Be3 Qb7 17. Na4 Ne4 18.
Qe1 Bb4 19. Qf1 Qa6 20. b3 Rfd8 21. f3 Nd6 22. Qf2 Re8 23. Bf1 Re7 24. Bc5 Qb7 25.
a3 Bxc5 26. Nxc5 Qb6 27. e4 Be6 28. b4 Nb7 29. Nxe6 Qxf2+ 30. Kxf2 fxe6 31. exd5 exd5 32.
Rxd5 Rec7 33. Rd2 a5 34. Bh3 Ra8 35. b5 c5 36. a4 c4 37. Rxc4 Rxc4 38. Be6+ Kh8 39.
Bxc4 Nc5 40. Ra2 Rd8 41. Be2 Rd4 42. Ke3 Rb4 43. Rc2 Nxa4 44. Rc8+ Kh7 45. Bd3+ g6 46.
Rc7+ Kg8 47. Ra7 Rb3 48. Kd4 Rb4+ 49. Ke5 Nc5 50. Bxg6 Rxb5 51. Kd4 Nb3+ 52. Kc4 Rb4+ 53. Kc3 Rb6 54. Bf7+ Kf8 55. Bxb3 Rc6+ 56. Bc4 1-0

[Event "*** SCC Grand Prix: Titled Tuesday Blitz"]
[Site "Chess.com"]
[Date "2020.07.14"]
[Round "4"]
[White "Orest_Vovk"]
[Black "Timerkhanov"]
[Result "1-0"]
[WhiteElo "2449"]
[BlackElo "2602"]
[TimeControl "180+1"]
[EndTime "10:40:12 PDT"]
[Termination "Orest_Vovk won by resignation"]

1. h4 d5 2. h5 h6 3. e4 dxe4 4. Nc3 Nf6 5. Qe2 c6 6. Nxe4 Nxe4 7.
Qxe4 Nd7 8. Nf3 Nf6 9. Qd3 Qc7 10.
Be2 Bg4 11. Ng1 Rd8 12. Qe3 Nd5 13. Qxa7 Bf5 14. d3 e6 15. Bd2 Be7 16. Nf3 O-O 17.
Ba5 Bb4+ 18. Bxb4 Nxb4 19. Qc5 Nd5 20. g3 Bg4 21. c4 Bxf3 22. Bxf3 Qe5+ 23. Kf1 b6 24.
Qxc6 Qxb2 25. Re1 Nb4 26. Qxb6 Qd2 27. Qe3 Qc3 28. Rc1 Qb2 29. Kg2 Nxd3 30. Rb1 Qxa2 31.
Rbd1 Qxc4 32. Rd2 Nc5 33. Rxd8 Rxd8 34. Rc1 Qb4 35. Rxc5 Qb8 36. Rc3 Re8 37. Rd3 Qc8 38. Rd2 e5 39. Re2 e4 40. Bxe4 Kh8 41. Qf3 Qe6 42.
Bd3 Qd7 43. Rxe8+ Qxe8 44. Qf5 g6 45. hxg6 fxg6 46. Qxg6 Qa8+ 47. Be4 Qa7 48. Qf6+ Kg8 49. Qg6+ Kf8 50. Qxh6+ Ke8 51. Qf4 Ke7 52. Qe5+ Kd8 53.
Qh8+ 1-0

[Event "*** SCC Grand Prix: Titled Tuesday Blitz"]
[Site "Chess.com"]
[Date "2020.07.14"]
[Round "4"]
[White "Olga_Zhuravleva"]
[Black "benko_008"]
[Result "1-0"]
[WhiteElo "2313"]
[BlackElo "2438"]
[TimeControl "180+1"]
[EndTime "10:40:12 PDT"]
[Termination "Olga_Zhuravleva won on time"]

1. e4 c5 2. Nf3 e6 3. d4 cxd4 4. Nxd4 Nf6 5. Nc3 d6 6. Bd3 Be7 7. O-O O-O 8. Kh1 Nc6 9. Nb3 Nb4 10.
f4 Nxd3 11. cxd3 e5 12. Qf3 exf4 13. Bxf4 Bg4 14. Qg3 Qd7 15. Be3 Nh5 16. Qf2 f5 17.
exf5 Rxf5 18. Qd2 Raf8 19. Rxf5 Qxf5 20. Nd4 Qe5 21. Ne4 Nf4 22. Bxf4 Rxf4 23. Ne2 Rf8 24. h3 Bd7 25. Qc3 Qh5 26. N2g3 Qh4 27. Kh2 Bc6 28.
Re1 d5 29. Nd2 Bd6 30. d4 Rf2 31. Nf1 h6 32. Qe3 Rxb2 33. Qe6+ Kh7 34. Qxd6 Qxd4 35. Qf8 Rf2 36. Qb8 Qb2 37. Ne3 d4 38. Qe5 dxe3 39. Qxb2 Rxb2 40. Rg1 Rxa2 41. Nf5 e2 42. Re1 Bb5 43.
Nd4 a6 44. Kg3 Bc4 45. Kf2 b5 46. Nf3 b4 47. g3 Bb5 48. Nd4 b3 49. Ke3 b2 50. Rb1 Ra4 51. Nc2 Ra2 52. Kd2 1-0

[Event "*** SCC Grand Prix: Titled Tuesday Blitz"]
[Site "Chess.com"]
[Date "2020.07.14"]
[Round "4"]
[White "S2PAc"]
[Black "Sanan_Sjugirov"]
[Result "0-1"]
[WhiteElo "2739"]
[BlackElo "2982"]
[TimeControl "180+1"]
[EndTime "10:40:13 PDT"]
[Termination "Sanan_Sjugirov won by resignation"]

1. d4 Nf6 2. g3 d5 3. Bg2 c6 4. Nf3 Bf5 5. O-O e6 6. c4 h6 7.
Nc3 Be7 8. Qb3 Qb6 9. c5 Qa6 10. Re1 b6 11. Bf1 Qb7 12. Bf4 Nbd7 13. Nd2 O-O 14.
Bg2 Qa6 15. cxb6 Nxb6 16. e4 Bh7 17. Rac1 Rfd8 18. a3 Nc4 19. Nxc4 dxc4 20. Qa4 Qb6 21. Qxc4 Rxd4 22. Qa2 Rdd8 23. Be3 Qa6 24. h3 Rab8 25. b4 Nd7 26. f4 Nb6 27. Bf1 Qb7 28. Qf2 Bf6 29. e5 Be7 30. Qe2 Nd5 31. Bf2 Ra8 32. Ne4 a5 33. Nc5 Qc8 34. b5 cxb5 35. Qxb5 Rb8 36. Qe2 Bxc5 37. Rxc5 Qd7 38. Rxa5 Rb3 39. Ra7 Qe8 40. Rd1 Rdb8 41. Bg2 Nc3 42. Qe1 Nxd1 43. Bc5 Nc3 44. Bd6 Rb1 45. Qxb1 Rxb1+ 46. Kh2 Be4 47. Re7 Qa8 48. Bxe4 Qxe4 49. Re8+ Kh7 0-1

[Event "*** SCC Grand Prix: Titled Tuesday Blitz"]
[Site "Chess.com"]
[Date "2020.07.14"]
[Round "4"]
[White "Lenyas66"]
[Black "Sychev_Klementy"]
[Result "0-1"]
[WhiteElo "2494"]
[BlackElo "2735"]
[TimeControl "180+1"]
[EndTime "10:40:13 PDT"]
[Termination "Sychev_Klementy won on time"]

1. e4 e5 2. Nf3 Nc6 3. Bb5 a6 4. Ba4 b5 5. Bb3 Na5 6. d4 exd4 7. O-O Bb7 8. Re1 d6 9. Nbd2 c5 10. Bd5 Bxd5 11. exd5+ Be7 12. b4 Nb7 13. Ne4 Kf8 14. a4 Nf6 15. Nxf6 Bxf6 16. axb5 axb5 17.
Rxa8 Qxa8 18. Qe2 c4 19. Qe4 h6 20. Nxd4 g6 21. Nc6 Kg7 22. h4 Qc8 23. g4 Qd7 24. Kg2 Nd8 25. f4 Qxg4+ 26. Kf1 Qh3+ 27. Ke2 Qg4+ 28. Kd2 Qxh4 29. Nd4 Qf2+ 30. Kc3 Nb7 31. Re3 Ra8 32. Kb2 Qg1 33. c3 Qh2+ 34. Re2 Qg3 35. Be3 Qg4 36. Rg2 Qd1 37. Nc2 h5 38. f5 Qd3 39. Qxd3 cxd3 40. Nd4 Re8 41. Bd2 Bxd4 42. cxd4 Re2 43. Rxe2 dxe2 44. fxg6 fxg6 45. Kc2 Kf6 46. Kd3 Kf5 47. Be1 g5 48. Ke3 g4 49.
Bg3 Nd8 50. Kxe2 Ke4 51. Bh4 Nf7 0-1

[Event "*** SCC Grand Prix: Titled Tuesday Blitz"]
[Site "Chess.com"]
[Date "2020.07.14"]
[Round "4"]
[White "K-Nygren"]
[Black "QuintilianoR"]
[Result "1-0"]
[WhiteElo "2481"]
[BlackElo "2638"]
[TimeControl "180+1"]
[EndTime "10:40:13 PDT"]
[Termination "K-Nygren won on time"]

1. e4 c5 2. Nf3 d6 3. d4 cxd4 4.
Nxd4 Nf6 5. Nc3 a6 6. Bc4 e6 7. Bb3 b5 8. O-O Be7 9. Re1 O-O 10. Qf3 Qc7 11. Qg3 Bd7 12. Bh6 Ne8 13. Rad1 b4 14.
Nce2 Bf6 15. Nf4 Be5 16. Nf3 Kh8 17. Bg5 a5 18. a4 bxa3 19. bxa3 a4 20. Ba2 Nc6 21. Nxe5 dxe5 22. Nh5 f6 23. Bd2 g6 24. Bh6 Rf7 25. Qh3 gxh5 26. Qxh5 Re7 27. Bf8 Ng7 28.
Bxg7+ Rxg7 29. g3 Nd4 30. c3 Qxc3 31. Re3 Qc2 32. Bb1 Qc6 33. h4 Be8 34. Qh6 Bg6 35.
h5 Bf7 36. Qxf6 h6 37. Qxe5 Nb3 38. Qf6 Kg8 39. e5 Qc5 40. Qxh6 Nd4 41. Bg6 Nf5 42. Bxf7+ Kxf7 43. Qf6+ Kg8 44. h6 Rh7 45. Qxe6+ Kh8 46. Qxf5 1-0

[Event "*** SCC Grand Prix: Titled Tuesday Blitz"]
[Site "Chess.com"]
[Date "2020.07.14"]
[Round "4"]
[White "maciek_92"]
[Black "kran900"]
[Result "0-1"]
[WhiteElo "2628"]
[BlackElo "2470"]
[TimeControl "180+1"]
[EndTime "10:40:13 PDT"]
[Termination "kran900 won by checkmate"]

1. c4 e5 2. g3 g6 3. Nc3 Bg7 4. Bg2 Ne7 5. e4 O-O 6. d3 Nbc6 7. Nge2 d6 8. h4 h5 9. Bg5 Nd4 10. Nxd4 exd4 11. Nd5 f6 12. Bd2 Nxd5 13. cxd5 c5 14. O-O f5 15. Rc1 fxe4 16. dxe4 b5 17. b3 a5 18. Bg5 Qe8 19. f4 a4 20. e5 dxe5 21. d6 Ra7 22. Rxc5 e4 23. bxa4 e3 24. Qd3 Bf5 25. Rxf5 Rxf5 26. Be7 Rxa4 27. Be4 Qd7 28. Rc1 Ra7 29. Qb3+ Kh7 30. Kf1 Rf6 31. Bxf6 Bxf6 32. Qd5 Qh3+ 33. Bg2 Qxg3 34. Ke2 Qf2+ 35. Kd3 Rxa2 36.
Rc7+ Bg7 37. Rxg7+ Kxg7 38. Qe5+ Kh7 39. Qe7+ Kh6 40.
Qg5+ Kh7 41. Qe7+ Kh6 42. Qg5+ Kh7 43. Bd5 Qc2+ 44. Kxd4 Qd2+ 45. Ke5 Qc3+ 46. Ke6 Qg7 47. d7 e2 48. d8=Q e1=Q+ 49. Kd6 Qb4+ 50. Kc6 Ra6+ 51. Qb6 Rxb6+ 52. Kxb6 Qd6+ 53. Ka5 Qa7+ 54. Kxb5 Qac5+ 55. Ka4 Qb4# 0-1

[Event "*** SCC Grand Prix: Titled Tuesday Blitz"]
[Site "Chess.com"]
[Date "2020.07.14"]
[Round "4"]
[White "giantslayer83"]
[Black "pavelalexandru07"]
[Result "0-1"]
[WhiteElo "2727"]
[BlackElo "2149"]
[TimeControl "180+1"]
[EndTime "10:40:13 PDT"]
[Termination "pavelalexandru07 won by resignation"]

1. c4 c5 2. Nf3 Nf6 3. Nc3 a6 4. d4 cxd4 5. Nxd4 d5 6. cxd5 Nxd5 7. Nb3 Nxc3 8. Qxd8+ Kxd8 9. bxc3 e5 10. e4 Be6 11.
Be3 Nc6 12. Bb6+ Ke8 13. Nc5 Bxc5 14. Bxc5 Rc8 15. Bb6 f6 16. Be2 Kf7 17. O-O Nb8 18.
Rfc1 Nd7 19. Be3 Nc5 20. f3 Rhd8 21. Rc2 b5 22. c4 Nd3 23. c5 Bc4 24. a4 Ke7 25. axb5 axb5 26. Ra7+ Kf8 27. h4 Nb4 28. Rb2 Nc6 29. Rb7 Nd4 30. Bxc4 bxc4 31. Ra2 Ra8 32.
Rxa8 Rxa8 33. Bxd4 exd4 34. c6 Rc8 35. Rd7 d3 36. c7 Ke8 37. Rd4 Rxc7 38. Kf2 Ke7 39. Ke3 Ke6 40. Kd2 c3+ 41. Kc1 d2+ 42. Kc2 Ke5 43.
Rd5+ Kf4 44. h5 Kg3 45. h6 gxh6 46. Rd3 Kxg2 47. f4 Kf2 48. e5 fxe5 49. fxe5 Ke2 50.
e6 Re7 51. Rd6 Ra7 52. Rd7 Rxd7 53. exd7 d1=Q+ 0-1

[Event "*** SCC Grand Prix: Titled Tuesday Blitz"]
[Site "Chess.com"]
[Date "2020.07.14"]
[Round "4"]
[White "RoelandPruijssers"]
[Black "Shield12"]
[Result "0-1"]
[WhiteElo "2600"]
[BlackElo "2843"]
[TimeControl "180+1"]
[EndTime "10:40:14 PDT"]
[Termination "Shield12 won on time"]

1. e4 c5 2. Nf3 Nc6 3. Bb5 Nf6 4. e5 Nd5 5. Nc3 Nc7 6. Bxc6 dxc6 7. h3 Bf5 8. d3 e6 9. Qe2 Be7 10. O-O O-O 11.
Ne4 h6 12. Bf4 Qd7 13. b3 Rad8 14. Rad1 Nb5 15. Bd2 Qc7 16. c3 Qd7 17. Be1 b6 18. a4 Nc7 19. c4 Na6 20. Bc3 Nb4 21. d4 Qc7 22. Bxb4 cxb4 23. Ng3 Bg6 24. Qe3 Rd7 25. h4 Rfd8 26. h5 Bh7 27. Rfe1 c5 28. d5 exd5 29. e6 fxe6 30. Qxe6+ Kh8 31. cxd5 Bg8 32. Qg6 Bf6 33. Nf5 Bf7 34. Qg4 Rxd5 35. Rxd5 Rxd5 36. Qe4 Qd7 37. N3h4 Rd1 38. Rxd1 Qxd1+ 39. Kh2 Qxh5 40. Qa8+ Bg8 41. Qe4 Bxh4 42. Nxh4 Bf7 43. Qa8+ Kh7 44. Qe4+ Kh8 45. Qa8+ Bg8 46. Qe4 g5 47.
Qe5+ Kh7 48. Qf5+ Kg7 49. Qe5+ Kf8 50. Qb8+ Qe8 51. Qd6+ Kf7 0-1

[Event "*** SCC Grand Prix: Titled Tuesday Blitz"]
[Site "Chess.com"]
[Date "2020.07.14"]
[Round "4"]
[White "kingnb"]
[Black "Infernal_XaM"]
[Result "1/2-1/2"]
[WhiteElo "2549"]
[BlackElo "2984"]
[TimeControl "180+1"]
[EndTime "10:40:14 PDT"]
[Termination "Game drawn - insufficient material"]

1. e4 e5 2. Nf3 Nc6 3. Bc4 Nf6 4. O-O Nxe4 5. Nc3 Nf6 6. Re1 Be7 7. Nxe5 O-O 8. d4 d5 9. Bb5 Bd7 10. Bg5 a6 11.
Ba4 Nb8 12. Bxf6 Bxf6 13. Nxd7 Nxd7 14. Nxd5 c6 15. Nxf6+ Nxf6 16. c3 Qd6 17. Qf3 Rfe8 18. Bb3 h5 19. h3 a5 20. a4 Kf8 21. Qd3 g6 22. Qd2 Kg7 23. Rxe8 Rxe8 24. Re1 Rxe1+ 25. Qxe1 c5 26. dxc5 Qxc5 27. Qe3 Qxe3 28. fxe3 Ne4 29. Bd5 Nc5 30. b4 axb4 31. cxb4 Nxa4 32. Bxb7 Kf6 33. Kf2 Ke5 34. Bc6 Nb6 35. Be8 Ke6 36. Kf3 g5 37.
g4 hxg4+ 38. hxg4 f5 39. b5 Nc4 40. gxf5+ Kxf5 41. e4+ Ke5 42. Bc6 Kf6 43. Kg4 Ne5+ 44. Kg3 Nc4 45. Kf3 Ne5+ 46. Ke3 Ke7 47. Kd4 Kd6 48. Bd5 Nd7 49. Bc6 Ne5 50. Be8 g4 51. b6 g3 52. Ke3 Nc4+ 53. Kf3 Nxb6 54. Kxg3 Ke5 55. Kf3 Nc4 56. Bg6 Nd6 57. Ke3 Nxe4 1/2-1/2

[Event "*** SCC Grand Prix: Titled Tuesday Blitz"]
[Site "Chess.com"]
[Date "2020.07.14"]
[Round "4"]
[White "HanSchut"]
[Black "AungTZ"]
[Result "1-0"]
[WhiteElo "2336"]
[BlackElo "2131"]
[TimeControl "180+1"]
[EndTime "10:40:16 PDT"]
[Termination "HanSchut won on time"]

1. e4 c5 2. Nf3 Nc6 3. Nc3 d6 4. Bc4 Nf6 5. O-O e6 6. Re1 Be7 7. a4 O-O 8. d4 d5 9. exd5 exd5 10. Be2 cxd4 11. Nxd4 h6 12. Be3 Bb4 13. Bf3 Ne5 14. h3 Ne4 15. Nxe4 Bxe1 16. Qxe1 Nxf3+ 17. Nxf3 dxe4 18. Nd2 f5 19. Nb3 Be6 20. Rd1 Qc7 21. Nc5 Bc8 22.
Qc3 Kh7 23. Bd4 b6 24. Nb3 Qxc3 25. Bxc3 Be6 26. Nd4 Rad8 27. Re1 Bc8 28. g4 Rd5 29. gxf5 Bxf5 30. Kg2 Bg6 31. h4 Rh5 32. Kg3 a6 33. b3 b5 34. axb5 axb5 35. Bd2 Rd5 36. Be3 Rc8 37. c3 Rxc3 38. Ne6 Rf5 39.
Nf4 Bf7 40. Rd1 Rxb3 41. Rd4 b4 42. Rxe4 Rb1 43. Re7 b3 44. h5 Bxh5 45. Ne6 1-0

[Event "*** SCC Grand Prix: Titled Tuesday Blitz"]
[Site "Chess.com"]
[Date "2020.07.14"]
[Round "4"]
[White "DortmundCity"]
[Black "crescentmoon2411"]
[Result "1-0"]
[WhiteElo "2644"]
[BlackElo "2851"]
[TimeControl "180+1"]
[EndTime "10:40:17 PDT"]
[Termination "DortmundCity won on time"]

1. e4 c5 2. Be2 Nc6 3. f4 g6 4.
Nf3 Bg7 5. O-O d6 6. d3 Nf6 7.
c3 O-O 8. h3 Rb8 9. Be3 b5 10.
Nbd2 b4 11. d4 bxc3 12. bxc3 cxd4 13. cxd4 e6 14. Bf2 Bd7 15. Rc1 Qe7 16. Bh4 Qe8 17. e5 dxe5 18. dxe5 Nd5 19. Nc4 Qc8 20. Nd6 Qc7 21. Qd2 Qb6+ 22. Bf2 Qb4 23. Bc5 Qxd2 24. Nxd2 Rfd8 25. N2e4 Rb2 26. Bc4 Nce7 27. Bxa7 Bc6 28. Bb3 Ba8 29. Bd4 Re2 30. Bc4 Rxe4 31. Nxe4 Nf5 32.
Bf2 Nde3 33. Bxe3 Nxe3 34. Rfe1 Nxc4 35. Rxc4 Bd5 36. Rd4 Bf8 37. Nd6 Bxd6 38. exd6 Rxd6 39. a4 Ra6 40. Ra1 Kf8 41. a5 Ke7 42. Rb4 Kd7 43. Rb6 Ra7 44. a6 Kc7 45. Rb4 h5 46. Kf2 Kc6 47. Kg3 Kc5 48. Rb8 h4+ 49. Kxh4 Bxg2 50. Ra3 Bd5 51. Kg5 Kd4 52. Rb4+ Kc5 53. Rb8 1-0

[Event "*** SCC Grand Prix: Titled Tuesday Blitz"]
[Site "Chess.com"]
[Date "2020.07.14"]
[Round "4"]
[White "Kavyev_Ruslan"]
[Black "kassablanca"]
[Result "0-1"]
[WhiteElo "2450"]
[BlackElo "2632"]
[TimeControl "180+1"]
[EndTime "10:40:17 PDT"]
[Termination "kassablanca won by resignation"]

1. d4 d5 2. c4 e6 3. Nf3 a6 4. g3 dxc4 5. Bg2 Nc6 6. O-O Rb8 7. e3 b5 8. Qe2 Nf6 9. b3 cxb3 10. axb3 Bb7 11. Bd2 Be7 12. Rc1 O-O 13. Ne1 Nd5 14.
Nc3 Ncb4 15. Na2 Nxa2 16. Rxa2 f5 17. Nd3 Bd6 18. Nc5 Bxc5 19. Rxc5 Qd7 20. Ba5 Rbc8 21. Rac2 c6 22. f4 h6 23. h4 Kh7 24. Rc1 Nf6 25. Qc2 Nd5 26. Kh2 Kh8 27. Bd2 Rfe8 28. Qd1 Rg8 29. R1c2 Rgf8 30. Qe2 Qe7 31. Kg1 Qf7 32. Be1 Rfd8 33. Bf2 Rd7 34. e4 fxe4 35. Bxe4 Rdd8 36. Qf3 Qd7 37. Kh2 Rc7 38. Be1 Rcc8 39. Ba5 Rf8 40.
Bd3 Nf6 41. Bc3 Qf7 42. Be1 Qd7 43. Bf2 Qe7 44. Rc1 Rcd8 45. Bf1 Rd5 46. Bh3 Qd6 47.
Re1 Bc8 48. Re5 Bd7 49. Qe3 Re8 50. b4 Qe7 51. Rc1 Qxb4 52. Re1 Qd6 53. Bg2 Ng4+ 54. Kh3 Nxe3 55. Bxe3 Rxe5 56. dxe5 Qe7 57. Rc1 a5 58.
Bc5 Qf7 59. Rd1 a4 60. Kh2 Ra8 61. Ba3 Be8 62. Rd6 Qb7 63. Rxe6 b4 64. Bb2 a3 65. Bd4 b3 66. Bh3 Qb4 67. Rd6 b2 68. e6 Qxd4 69. Rxd4 b1=Q 0-1

[Event "*** SCC Grand Prix: Titled Tuesday Blitz"]
[Site "Chess.com"]
[Date "2020.07.14"]
[Round "4"]
[White "Oglob71"]
[Black "BilodeauA"]
[Result "0-1"]
[WhiteElo "2521"]
[BlackElo "2824"]
[TimeControl "180+1"]
[EndTime "10:40:18 PDT"]
[Termination "BilodeauA won by resignation"]

1. d4 d5 2. c4 dxc4 3. e3 e5 4. Bxc4 Nc6 5. Nf3 e4 6. Nfd2 Qg5 7. g3 Nf6 8. Nc3 Qg6 9. a3 Bd6 10. Qc2 Bf5 11. b4 O-O 12. Qb3 Rfe8 13. Bb2 Nxd4 14.
exd4 e3 15. O-O-O exd2+ 16. Rxd2 c6 17. f3 b5 18. Be2 a5 19. g4 Be6 20. Qc2 axb4 21.
axb4 Bf4 22. Qxg6 hxg6 23. Kc2 Bxd2 24. Kxd2 Nd5 25. Nxd5 Bxd5 26. Ra1 Rxa1 27. Bxa1 g5 28. Bc3 f6 29. Bd1 Kf7 30. Kd3 Rh8 31. Ke3 Rxh2 32.
Be2 Rh1 33. Bd3 g6 34. Bd2 Rh3 35. Be2 f5 36. Kf2 Kf6 37. Be3 Rh2+ 38. Ke1 Bc4 39.
Bd1 f4 40. Bf2 Rh8 41. Kd2 Ra8 42. Be1 Ra2+ 43. Kc1 Ra1+ 44. Kd2 Ra3 45. Kc1 Bd5 46. Kb2 Ra8 47. Bd2 Rh8 48. Bc3 Rh3 49. Kc1 Kf7 50.
Kd2 Bxf3 51. Bb3+ Bd5 52. Bc2 Rg3 53. Bd1 Rg2+ 54. Kd3 f3 55. Ke3 f2 56. Be2 Rg3+ 57.
Kd2 Bc4 58. Bb2 f1=Q 59. Bxf1 Bxf1 0-1

[Event "*** SCC Grand Prix: Titled Tuesday Blitz"]
[Site "Chess.com"]
[Date "2020.07.14"]
[Round "4"]
[White "tdf98pantani"]
[Black "Angel_Hranitel_37"]
[Result "1-0"]
[WhiteElo "2678"]
[BlackElo "2403"]
[TimeControl "180+1"]
[EndTime "10:40:18 PDT"]
[Termination "tdf98pantani won on time"]

1. d4 Nf6 2. c4 g6 3. Nc3 Bg7 4. e4 d6 5. Be2 O-O 6. Nf3 e5 7. O-O Nc6 8. d5 Ne7 9. b4 Nh5 10. c5 Nf4 11. a4 f5 12. Bc4 fxe4 13. Nxe4 Nf5 14. Ra3 Nd4 15. Bxf4 Nxf3+ 16. Rxf3 exf4 17.
h3 g5 18. Rb3 Bf5 19. Bd3 h6 20.
Nd2 Qd7 21. Qc2 Bxd3 22. Rxd3 Rae8 23. Nf3 g4 24. hxg4 Qxg4 25. Qd1 Rf6 26. Nd4 f3 27. Rxf3 Rg6 28. Rg3 Qxd1 29. Rxd1 Rxg3 30. fxg3 Re4 31.
Nf5 Be5 32. cxd6 cxd6 33. Rb1 h5 34. Kf2 Rc4 35. a5 Rc2+ 36. Kf3 Rc3+ 37. Ke4 Rc4+ 38.
Kd3 Rc3+ 39. Kd2 b6 40. axb6 axb6 41. Rh1 Rb3 42. Rxh5 Rxb4 43. g4 Rb2+ 44. Ke3 Rxg2 45.
Kf3 Rg1 46. Ne3 b5 47. Rg5+ Kf7 48. Rf5+ Ke7 49. Rh5 b4 50. Rh7+ Kf8 51. Rb7 Rb1 52. Ke4 b3 53. Kf5 b2 54. Ke6 Re1 55. Rb8+ Kg7 56. Nf5+ Kh7 57. Rb7+ Kg6 58. Nh4+ Kg5 59. Nf3+ Kf4 60. Nxe1 Kxg4 61. Nd3 Kf3 62. Nxe5+ dxe5 63. Kxe5 b1=N 64. Rxb1 1-0

[Event "*** SCC Grand Prix: Titled Tuesday Blitz"]
[Site "Chess.com"]
[Date "2020.07.14"]
[Round "4"]
[White "Bulldog167"]
[Black "Oleksandr_Bortnyk"]
[Result "1-0"]
[WhiteElo "2728"]
[BlackElo "2926"]
[TimeControl "180+1"]
[EndTime "10:40:19 PDT"]
[Termination "Bulldog167 won on time"]

1. d4 Nf6 2. c4 e6 3. Nf3 d5 4. Nc3 Nc6 5. cxd5 exd5 6. Bg5 Bb4 7. e3 h6 8. Bxf6 Qxf6 9. Be2 O-O 10. O-O Ne7 11. a3 Bd6 12. Nb5 c6 13. Nxd6 Qxd6 14.
b4 a6 15. Qb3 Bg4 16. a4 f5 17. Rfe1 Bxf3 18. Bxf3 g5 19. b5 axb5 20. axb5 Kg7 21. bxc6 bxc6 22. Rxa8 Rxa8 23. g3 Kf6 24. Rc1 Qa3 25.
Qxa3 Rxa3 26. Kg2 f4 27. e4 Rd3 28. exd5 cxd5 29. Ra1 fxg3 30. Ra6+ Kg7 31. hxg3 Rxd4 32. Ra7 Kf6 33. Ra6+ Ke5 34. Rxh6 Rb4 35. Rh7 Nf5 36.
Rh5 Rb2 37. Rxg5 Kf6 38. Rg8 d4 39. Be4 Ne3+ 40. Kf3 Nd1 41. Kf4 Rxf2+ 42. Bf3 Nc3 43. Rf8+ Ke7 44. Rf5 d3 45. Ke3 Rxf3+ 46. Rxf3 Nd5+ 47.
Kxd3 Ke6 48. Ke4 Ne7 49. g4 Ng6 50. Rf1 Ne5 51. Kf4 Kf6 52. g5+ Kg6 53. Kxe5 1-0

[Event "*** SCC Grand Prix: Titled Tuesday Blitz"]
[Site "Chess.com"]
[Date "2020.07.14"]
[Round "4"]
[White "GiantThresher"]
[Black "albano87"]
[Result "0-1"]
[WhiteElo "2474"]
[BlackElo "2466"]
[TimeControl "180+1"]
[EndTime "10:40:19 PDT"]
[Termination "albano87 won by resignation"]

1. e4 c5 2. Nc3 Nc6 3. Bb5 Nd4 4. Nf3 g6 5. O-O Bg7 6. Ba4 b6 7. Nxd4 cxd4 8. Ne2 Bb7 9. d3 e6 10. Bf4 Ne7 11.
Bd6 Bc6 12. c3 dxc3 13. Nxc3 O-O 14. d4 Re8 15. Rc1 f5 16. d5 Bxa4 17. Qxa4 fxe4 18. dxe6 dxe6 19. Nxe4 Nd5 20. Ba3 Qh4 21. Rc4 Be5 22. g3 Qh3 23. Qd7 Qf5 24. Nd6 Bxd6 25. Qxd6 Rad8 26.
Qc6 e5 27. Rcc1 e4 28. Qc4 Rc8 29. Qb3 e3 30. Rxc8 Rxc8 31. fxe3 Qe4 32. Rd1 Qxe3+ 33. Qxe3 Nxe3 34. Rd7 a5 35. Rd2 Rc1+ 36. Kf2 Nc4 37.
Rd8+ Kf7 38. Rd7+ Ke6 39. Rxh7 Rc2+ 40. Kf3 b5 41. Bf8 Rxb2 42. Re7+ Kd5 43. Rg7 Rxa2 44. h4 Ne5+ 45. Ke3 b4 46. Rb7 Nc4+ 47. Kf3 Ne5+ 48. Ke3 Kc6 49. Re7 Nd7 50. Re6+ Kb5 51. Rxg6 Nxf8 52. Rg8 Nd7 53. Rb8+ 0-1

[Event "*** SCC Grand Prix: Titled Tuesday Blitz"]
[Site "Chess.com"]
[Date "2020.07.14"]
[Round "4"]
[White "Joshukid"]
[Black "ShahMatKanal"]
[Result "0-1"]
[WhiteElo "2709"]
[BlackElo "2510"]
[TimeControl "180+1"]
[EndTime "10:40:21 PDT"]
[Termination "ShahMatKanal won by checkmate"]

1. Nf3 d5 2. c4 c6 3. g3 Nf6 4. Bg2 Bg4 5. O-O e6 6. b3 Nbd7 7. Bb2 Be7 8. d4 O-O 9. Nc3 a5 10. h3 Bf5 11. Nh4 Be4 12. f3 Bg6 13. Nxg6 hxg6 14. e4 Nh5 15. Qe1 Qc7 16. cxd5 Nxg3 17.
Rf2 Bh4 18. dxc6 bxc6 19. Rc2 Rac8 20. Qe3 Nf6 21. Rac1 Nfh5 22. Ba3 Rfd8 23. Nb5 Qd7 24. Nd6 Rc7 25. d5 c5 26. Nc4 exd5 27. Nb6 d4 28. Qd2 Qe6 29. Nd5 Rcd7 30. Rxc5 f6 31. Rc6 Qf7 32.
Rc7 Bg5 33. f4 Rxc7 34. Rxc7 Bxf4 35. Rxf7 Bxd2 36. Ra7 Nf4 37. Ne7+ Kh7 38. Nc6 Rc8 39. e5 fxe5 40. Kh2 Nfh5 41. Ne7 Re8 42. Nd5 Bf4 43.
Nxf4 exf4 44. Bd6 Re2 45. Kg1 d3 46. Bf3 d2 47. Bxe2 Nxe2+ 48. Kf2 d1=Q 49. Be5 Qd2 50. Kf3 Nd4+ 51. Kg4 Qg2+ 52. Kh4 Qg3# 0-1

[Event "*** SCC Grand Prix: Titled Tuesday Blitz"]
[Site "Chess.com"]
[Date "2020.07.14"]
[Round "4"]
[White "Herracek"]
[Black "SameerMujumdar"]
[Result "1-0"]
[WhiteElo "2572"]
[BlackElo "2299"]
[TimeControl "180+1"]
[EndTime "10:40:21 PDT"]
[Termination "Herracek won by resignation"]

1. c4 Nf6 2. Nc3 g6 3. g3 Bg7 4. Bg2 O-O 5. d3 e5 6. Bg5 Nc6 7. Qd2 d6 8. Bh6 Be6 9. h4 Bxh6 10. Qxh6 Ng4 11. Qd2 h5 12. Nf3 f6 13. e3 Kg7 14.
d4 Ne7 15. d5 Bd7 16. e4 c6 17.
dxc6 Bxc6 18. O-O-O Qb6 19. Qxd6 Nc8 20. c5 Qa5 21. Qd2 Qxc5 22. Rhf1 Nb6 23. Qd6 Qa5 24. Nd2 Nc8 25. Qd3 Rd8 26. Nc4 Rxd3 27. Nxa5 Rxd1+ 28. Nxd1 Bb5 29. Rh1 Nd6 30. f3 Nh6 31. Ne3 b6 32.
Nb3 Rc8+ 33. Kd2 Nc4+ 34. Nxc4 Bxc4 35. Rc1 Rd8+ 36. Kc3 Be6 37. Bf1 Nf7 38. Ba6 Nd6 39. Nd2 Bc8 40. Bd3 Be6 41. b3 Nb7 42. Bc4 Rc8 43.
Kb2 Rd8 44. Rc2 Bxc4 45. Nxc4 Rd3 46. Nxb6 axb6 47. Rc7+ Kh6 48. Rxb7 Rxf3 49. Rxb6 Rxg3 50.
a4 g5 51. Rxf6+ Kg7 52. Rf5 Kg6 53. a5 gxh4 54. Rf1 h3 55. a6 Rg2+ 56. Ka3 Kh6 57. Rh1 Rg6 58. b4 Rxa6+ 59. Kb3 Kg5 60. Rxh3 h4 61. b5 Rb6 62. Kc4 Kg4 63. Rh1 Kf4 64. Rxh4+ Kg5 65. Rh1 1-0

[Event "*** SCC Grand Prix: Titled Tuesday Blitz"]
[Site "Chess.com"]
[Date "2020.07.14"]
[Round "4"]
[White "Sacbutt"]
[Black "bugsbunny444"]
[Result "0-1"]
[WhiteElo "2296"]
[BlackElo "2459"]
[TimeControl "180+1"]
[EndTime "10:40:21 PDT"]
[Termination "bugsbunny444 won by resignation"]

1. d4 e6 2. c4 b6 3. Nf3 Bb7 4. g3 Bb4+ 5. Bd2 Bxf3 6. exf3 Bxd2+ 7. Qxd2 c6 8. Bg2 d5 9. O-O Ne7 10. b3 O-O 11. Nc3 Qd6 12. f4 Rd8 13. cxd5 cxd5 14. Qd3 Nbc6 15. a3 g6 16. Rfc1 Rac8 17. b4 Nf5 18. Nb5 Qd7 19. Bh3 a6 20. Bxf5 axb5 21. Bh3 Na7 22. Bf1 Rc4 23. Qd2 Rxc1 24. Rxc1 Rc8 25.
Rc3 h5 26. Qc2 Rxc3 27. Qxc3 Kg7 28. Bd3 Nc8 29. Kg2 Nd6 30. Kf3 Qb7 31. h4 Nc4 32.
Bxc4 dxc4+ 33. Ke3 Kg8 34. f3 Qa8 35. g4 hxg4 36.
fxg4 Qg2 37. d5 Qg3+ 38. Kd2 Qxf4+ 39. Kc2 Qe4+ 40. Kb2 Qg2+ 41. Kc1 Qh1+ 42. Kb2 Qxd5 43. Qf6 Qd2+ 44. Kb1 Qd3+ 45. Kc1 Qxa3+ 46. Kd1 Qb3+ 47. Ke1 Qxb4+ 48. Kf1 Qb1+ 49. Kg2 Qc2+ 50. Kh3 Qd3+ 51. Kg2 Qe2+ 52. Kh3 Qe3+ 53. Kg2 Qe4+ 54. Kh3 Qd5 55. h5 gxh5 56. g5 Qf5+ 0-1

[Event "*** SCC Grand Prix: Titled Tuesday Blitz"]
[Site "Chess.com"]
[Date "2020.07.14"]
[Round "4"]
[White "EvgenyT"]
[Black "superchess02"]
[Result "1-0"]
[WhiteElo "2922"]
[BlackElo "2668"]
[TimeControl "180+1"]
[EndTime "10:40:22 PDT"]
[Termination "EvgenyT won by resignation"]

1. c4 Nf6 2. Nc3 g6 3. g3 Bg7 4. Bg2 O-O 5. d4 d6 6. Nf3 Nbd7 7. O-O e5 8. b3 exd4 9. Nxd4 Re8 10. Bb2 Nc5 11. Rc1 c6 12. e3 Qc7 13. Qc2 a5 14. Rfd1 Bg4 15. Rd2 Rad8 16. h3 Bc8 17. Rcd1 h6 18.
a3 Qb6 19. Ba1 Nh7 20. Rb1 Ng5 21.
b4 axb4 22. axb4 Nce6 23. Na4 Nxd4 24. Bxd4 Qc7 25. Bxg7 Kxg7 26. h4 Nh7 27. c5 d5 28.
b5 Nf6 29. Qb2 cxb5 30. Nb6 Be6 31. Qxb5 Ne4 32. Rc2 Bf5 33. Rbc1 d4 34. exd4 Rxd4 35. Qb2 Qe5 36. Nc4 Qf6 37. Re2 Red8 38. Ne3 Nd2 39. Nxf5+ gxf5 40. Qxb7 Ne4 41. Bxe4 fxe4 42. Qb3 Rd1+ 43.
Rxd1 Rxd1+ 44. Qxd1 Qf3 45. Qe1 f5 46. Re3 Qg4 47. Qc3+ Kg6 48. c6 Kh5 49. c7 Qd1+ 50.
Kh2 Kg4 51. c8=Q 1-0